 Dungeon Crawl Stone Soup version 0.25-a0-316-gd28d56f9c5 (webtiles) character file.

Game seed: 7425486965719866021, levelgen mode: deterministic

371 Morrissey the Skirmisher (level 6, -3/39 HPs)
             Began as a Gargoyle Fighter on Dec 25, 2019.
             Slain by an ogre
             ... wielding a +0 giant club
              (8 damage)
             ... on level 4 of the Dungeon.
             The game lasted 00:04:21 (2942 turns).

Morrissey the Skirmisher (Gargoyle Fighter)         Turns: 2942, Time: 00:04:22

Health: -3/39      AC: 12    Str: 26    XL:     6   Next: 71%
Magic:  6/6        EV:  7    Int:  9    God:
Gold:   234        SH: 10    Dex:  9    Spells: 5/5 levels left

rFire    . . .     SeeInvis .   a - +0 flail
rCold    . . .     Gourm    .   c - +0 shield
rNeg     + . .     Faith    .   b - +0 scale mail
rPois    ∞         Spirit   .   (no helmet)
rElec    +         Reflect  .   (no cloak)
rCorr    .         Harm     .   v - +0 pair of gloves
MR       +....                  (no boots)
Stlth    ..........             q - amulet of regeneration
HPRegen  0.53/turn              u - ring of protection from magic
MPRegen  0.10/turn              (no ring)

@: mighty
A: negative energy resistance 1, electricity resistance, unbreathing,
petrification resistance, rot immunity, AC +4
a: no special abilities


You were on level 4 of the Dungeon.
You were hungry.

You visited 1 branch of the dungeon, and saw 4 of its levels.

You collected 234 gold pieces.

Inventory:

Hand Weapons
 a - a +0 flail (weapon)
Armour
 b - a +0 scale mail (worn)
 c - a +0 shield (worn)
 v - a +0 pair of gloves (worn)
Jewellery
 o - an uncursed amulet of faith
 q - an amulet of regeneration (around neck)
 u - a ring of protection from magic (left hand)
Scrolls
 h - 3 scrolls of remove curse {unknown}
 i - 2 scrolls of magic mapping {unknown}
 j - 2 scrolls of blinking {unknown}
 k - a scroll of fear {unknown}
 l - 7 scrolls of identify {unknown}
 m - 3 scrolls of teleportation {unknown}
 n - 2 scrolls of immolation {unknown}
 s - a scroll of noise {unknown}
Potions
 e - 2 potions of mutation {unknown}
 g - a potion of degeneration {unknown}
 p - a potion of brilliance {unknown}
 t - a potion of flight {unknown}
Comestibles
 f - 4 rations


   Skills:
 + Level 4.6 Fighting
 * Level 4.5 Maces & Flails
 + Level 4.6 Armour
 + Level 4.6 Shields


You had 5 spell levels left.
You didn't know any spells.
Your spell library was empty.

Dungeon Overview and Level Annotations

Branches:
Dungeon (4/15)
 Temple: D:4-7

Altars:


Innate Abilities, Weirdness & Mutations

You are resistant to torment.
Your stone body is resilient. (AC +4)
You are immune to poison.
You resist negative energy. (rN+)
You are resistant to electric shocks. (rElec)
You can survive without breathing.
You are immune to petrification.
You are immune to rotting.


Message History

You kill the jackal!
You hit the ogre.
The ogre is lightly wounded.
The ogre hits you with a +0 giant club!!
Ouch! That really hurt!
* * * LOW HITPOINT WARNING * * *
You hit the ogre.
The ogre is moderately wounded.
The ogre barely misses you.
You hit the ogre.
The ogre is moderately wounded.
The ogre hits you with a +0 giant club!
* * * LOW HITPOINT WARNING * * *
You feel very mighty all of a sudden. The ogre hits you with a +0 giant club!
* * * LOW HITPOINT WARNING * * *
You hit the ogre.
The ogre is heavily wounded.
The ogre hits you with a +0 giant club!
You die...

#......##.#.# #.#
#...>.......# . #.#
#...####...#...... ..#
#...###.......#.#. #.#
#...##..##.#..... #†#
###.#.##.#......# #.#
#.....##.#.#..## #.#
##....<##.#.#..#####.#
..........#.#...@O...#
##.....####.#......#.#
##.....# #..######.#.#
.###..## #.# #...#
)###..# #.# #.###
......# #.# #.#
.####.####.### #.# .#
#........#####.# ##
######.#.......#


You could see an ogre.

Vanquished Creatures
  A centaur (D:4)
  3 worker ants (D:4)
  An iguana (D:3)
  4 gnolls (D:3)
  7 adders
  2 worms
  2 dart slugs
  2 leopard geckos (D:3)
  5 orcs (D:3)
  3 giant cockroaches
  8 goblins
  7 hobgoblins
  15 jackals
  3 kobolds
  A quokka (D:2)
  A ball python skeleton (D:4)
  7 bats
  4 frilled lizards
  5 rats
81 creatures vanquished.

Notes
Turn   | Place    | Note
-------+----------+-------------------------------------------
     0 | D:1      | Morrissey the Gargoyle Fighter began the quest for the Orb.
     0 | D:1      | Reached XP level 1. HP: 14/14 MP: 1/1
    88 | D:1      | Reached XP level 2. HP: 12/19 MP: 2/2
   376 | D:1      | Reached XP level 3. HP: 20/23 MP: 3/3
   761 | D:2      | Reached XP level 4. HP: 13/29 MP: 4/4
  1742 | D:3      | Reached XP level 5. HP: 28/33 MP: 5/5
  2443 | D:4      | Noticed a centaur
  2459 | D:4      | Killed a centaur
  2459 | D:4      | Reached XP level 6. HP: 32/39 MP: 6/6
  2942 | D:4      | Slain by an ogre

Levels and vault maps discovered:
D:1:      minmay_arrival_cross, layout_basic
D:2:      layout_basic
D:3:      layout_loops_ring, grunt_ministairs_1, corner_web_ring
D:4:      minmay_chambers_of_twos, layout_loops_ring, kennysheep_generic_room_5

Skill      XL: |  1  2  3  4  5 |
---------------+----------------+-----
Maces & Flails | 3 4 |  4.5
Armour         | 4 |  4.6
Fighting       | 4 |  4.6
Shields        | 4 |  4.6

Action                   |  1- 3 |  4- 6 || total
-------------------------+-------+-------++-------
Melee: Flail             |   137 |   284 ||   421
  Use: Potion            |       |     1 ||     1
  Eat: Chunk             |       |     7 ||     7
Armor: Scale mail        |    97 |   152 ||   249
Dodge: Dodged            |    56 |    95 ||   151
Block: Shield            |    94 |   165 ||   259

Table legend:
 A = Non-vault XP
 B = Vault XP
 C = Vault XP percentage of total XP
 D = Non-vault monster count
 E = Vault monster count
 F = Vault count percentage of total count
                 A         B        C        D         E       F
            +---------+---------+-------+---------+---------+-------
      Total |     460 |      71 |  13.4 |      78 |       3 |   3.7
            +---------+---------+-------+---------+---------+-------
        D:1 |      36 |       0 |   0.0 |      19 |       0 |   0.0
        D:2 |      58 |       0 |   0.0 |      17 |       0 |   0.0
        D:3 |     116 |      37 |  24.2 |      27 |       2 |   6.9
        D:4 |     250 |      34 |  12.0 |      15 |       1 |   6.2
            +---------+---------+-------+---------+---------+-------
